AoeStats
← nemesis

Arena

504602565Analyzed
4v4 RM · 25d ago on Sep 5, 2026· 59m 48s· 8 players
Game mode
Random Map
Map size
Large (8 player)
Population
200
Speed
Normal
Resources
Standard
Victory
Conquest
Starting age
Dark Age
Ending age
Imperial Age
RankedLock teamsTeams togetherTeam positionsShared explorationLock speedFull tech treeHidden civsTurbo modeCheats
Victory
Defeat
🇵🇹 Goths · Portugal
1290
+13
🇦🇷 Burgundians · Argentina
1282
+13
🇧🇷 Japanese · Brazil
1263
+14
🇨🇿 Wu · Czechia
1245
+14
🇮🇳 Saracens · India
1266
-16
🇨🇭 Japanese · Switzerland
1216
-14
🇩🇪 Britons · Germany
1187
-12
🇩🇪 Poles · Germany
1178
-12
()=>{return WooZy}
10:30 Feudal Age
12:02 Loom
15:52 Castle Age
15:03 Horse Collar
16:02 Double-Bit Axe
22:56 Town Watch
23:49 Wheelbarrow
25:39 Masonry
31:43 Imperial Age
28:39 Elite Skirmisher
29:15 Fletching
29:44 Padded Archer Armor
29:50 Scale Barding Armor
29:43 Gold Mining
30:07 Bodkin Arrow
31:13 Bloodlines
31:15 Forging
32:17 Leather Archer Armor
33:22 Hand Cart
33:36 Bow Saw
34:37 Chemistry
33:48 Bracer
35:17 Ballistics
35:28 Architecture
35:22 Conscription
36:14 Heavy Hei Guang Cavalry
36:56 Scale Mail Armor
38:00 Chain Barding Armor
39:19 Iron Casting
40:04 Plate Barding Armor
41:06 Husbandry
41:59 Gold Shaft Mining
42:53 Blast Furnace
43:09 Town Patrol
43:17 Sitting Tiger
56:32 Elite Fire Archer
DKing
10:45 Feudal Age
14:31 Castle Age
12:44 Double-Bit Axe
13:03 Horse Collar
20:28 Loom
22:00 Fervor
24:05 Wheelbarrow
23:50 Town Watch
25:48 Gold Mining
29:14 Imperial Age
27:02 Scale Mail Armor
28:11 Anarchy
28:47 Forging
29:01 Squires
28:22 Pikeman
28:25 Man-at-Arms
30:39 Halberdier
32:05 Conscription
32:12 Chain Mail Armor
35:20 Elite Huskarl
36:43 Bow Saw
37:19 Hand Cart
37:54 Iron Casting
38:32 Perfusion
40:21 Blast Furnace
40:08 Fletching
40:18 Padded Archer Armor
41:44 Bodkin Arrow
44:06 Two-Man Saw
42:50 Long Swordsman
49:48 Scale Barding Armor
49:18 Two-Handed Swordsman
49:42 Champion
52:40 Chain Barding Armor
Rōnin
10:43 Feudal Age
13:07 Loom
16:38 Castle Age
14:56 Double-Bit Axe
15:07 Horse Collar
16:05 Gold Mining
16:35 Stone Mining
17:31 Bow Saw
17:40 Fletching
18:42 Fletching
21:15 Heavy Plow
21:45 Town Watch
22:49 Crossbowman
23:53 Bodkin Arrow
25:44 Wheelbarrow
26:20 Padded Archer Armor
27:59 Hand Cart
32:10 Imperial Age
30:24 Thumb Ring
30:37 Leather Archer Armor
31:38 Gold Shaft Mining
32:02 Ballistics
32:15 Masonry
31:31 Pikeman
33:01 Bracer
32:30 Arbalester
34:11 Conscription
34:09 Scale Mail Armor
35:08 Squires
36:23 Ring Archer Armor
37:58 Chain Mail Armor
37:54 Forging
37:56 Guard Tower
40:26 Chemistry
41:05 Arrowslits
41:25 Yasama
43:26 Two-Man Saw
43:59 Elite Skirmisher
51:16 Keep
50:27 Arrowslits
51:24 Keep
50:59 Murder Holes
heavensent
8:49 Double-Bit Axe
11:22 Feudal Age
9:58 Horse Collar
15:18 Castle Age
15:44 Bow Saw
15:38 Heavy Plow
15:45 Gold Mining
16:52 Wheelbarrow
18:10 Fervor
21:44 Hand Cart
22:40 Gold Shaft Mining
21:56 Stone Mining
24:32 Two-Man Saw
24:40 Crop Rotation
25:29 Stone Shaft Mining
29:24 Imperial Age
27:49 Forging
27:45 Scale Barding Armor
28:00 Treadmill Crane
27:44 Cavalier
28:27 Husbandry
28:44 Loom
29:57 Burgundian Vineyards
29:35 Paladin
30:40 Conscription
31:48 Ballistics
32:05 Iron Casting
31:50 Chain Barding Armor
31:56 Chain Barding Armor
32:45 Chemistry
34:40 Blast Furnace
33:31 Fletching
34:18 Caravan
37:23 Scale Mail Armor
37:58 Plate Barding Armor
40:47 Chain Mail Armor
41:05 Squires
40:26 Pikeman
42:01 Halberdier
45:31 Plate Mail Armor
46:24 Masonry
45:38 Light Cavalry
49:52 Guard Tower
50:34 Architecture
52:42 Flemish Revolution
54:22 Arson
Sir Gordon8100
8:12 Loom
10:06 Feudal Age
15:14 Castle Age
14:09 Double-Bit Axe
14:59 Stone Mining
23:37 Fletching
23:54 Gold Mining
24:20 Bow Saw
24:13 Horse Collar
26:20 Bodkin Arrow
29:58 Ballistics
29:51 Padded Archer Armor
35:07 Wheelbarrow
34:18 Town Watch
35:42 Murder Holes
36:48 Fortified Wall
44:47 Crossbowman
Dr.Greenthumb
10:27 Feudal Age
14:33 Castle Age
15:17 Double-Bit Axe
15:13 Horse Collar
16:18 Bow Saw
16:14 Heavy Plow
17:31 Loom
21:16 Wheelbarrow
22:21 Gold Mining
23:53 Stone Mining
24:43 Gold Shaft Mining
24:42 Town Watch
26:09 Stone Mining
29:31 Imperial Age
26:48 Treadmill Crane
27:56 Hand Cart
27:10 Pikeman
27:48 Fletching
28:40 Guard Tower
28:46 Murder Holes
29:08 Yasama
29:25 Bodkin Arrow
30:05 Masonry
29:58 Halberdier
31:43 Keep
31:35 Arrowslits
32:24 Ballistics
33:06 Chemistry
32:39 Squires
32:41 Scale Mail Armor
32:45 Bracer
32:47 Scale Mail Armor
33:57 Kataparuto
33:58 Conscription
33:42 Arson
34:08 Forging
34:54 Chain Mail Armor
37:32 Iron Casting
37:30 Plate Mail Armor
42:48 Iron Casting
42:21 Siege Engineers
49:14 Fortified Wall
Prenos
10:57 Feudal Age
13:35 Loom
17:00 Castle Age
15:32 Double-Bit Axe
16:00 Horse Collar
20:22 Bow Saw
22:17 Szlachta Privileges
23:40 Heavy Plow
24:26 Husbandry
24:36 Bloodlines
26:38 Scale Barding Armor
26:46 Forging
27:44 Wheelbarrow
29:41 Chain Barding Armor
35:53 Imperial Age
33:12 Light Cavalry
36:15 Iron Casting
36:56 Lechitic Legacy
38:08 Blast Furnace
36:37 Winged Hussar
nemesis
10:15 Feudal Age
14:07 Castle Age
12:07 Double-Bit Axe
12:20 Horse Collar
15:34 Bow Saw
21:56 Wheelbarrow
23:13 Gold Mining
24:10 Hand Cart
25:24 Heavy Plow
28:01 Imperial Age
26:42 Heavy Plow
26:33 Loom
26:33 Town Watch
28:07 Scale Barding Armor
28:14 Heavy Camel Rider
29:18 Chain Barding Armor
29:56 Husbandry
30:06 Bloodlines
30:39 Plate Barding Armor
30:15 Forging
31:59 Chemistry
31:17 Caravan
31:47 Coinage
31:54 Town Patrol
32:09 Devotion
31:53 Elite Mameluke
32:57 Fletching
33:29 Ballistics
34:00 Conscription
34:16 Hoardings
35:06 Two-Man Saw
35:17 Gold Shaft Mining
34:34 Stone Mining
36:51 Bimaristan
36:59 Bodkin Arrow
37:17 Masonry
38:34 Onager
40:32 Siege Onager
44:01 Counterweights
45:00 Fortified Wall
44:56 Siege Engineers
Connection lost

Rejoining the realm…

Still unreachable

The connection could not be restored.

Session expired

The server has moved on; the page needs a fresh start.